 Dungeon Crawl Stone Soup version 0.25.1-2-g60ff931df9 (webtiles) character file.

Game seed: 13791357161061008450

96649 DogServant the Brawler (level 15, -4/130 HPs)
             Began as a Troll Hunter on Oct 18, 2020.
             Was a Plaything of Xom.
             Slain by a snapping turtle (18 damage)
             ... on level 1 of the Shoals.
             The game lasted 01:01:55 (21729 turns).

DogServant the Brawler (Troll Hunter)              Turns: 21729, Time: 01:01:56

Health: -4/130     AC: 20    Str: 31 (32) XL:     15   Next: 69%
Magic:  19/19      EV: 16    Int:  6 (7)  God:    Xom [...*..]
Gold:   2274       SH:  0    Dex: 11 (13) Spells: 9/14 levels left

rFire    + . .     SeeInvis +     - Unarmed
rCold    + + +     Gourm    +   (no shield)
rNeg     . . .     Faith    .   i - +2 acid dragon scales
rPois    .         Spirit   .   V - +0 mask of the Dragon {MR+ Slay+3 SInv}
rElec    .         Reflect  .   y - scarf {rC+ rF+}
rCorr    +         Harm     .   (gloves unavailable)
MR       ++...                  (boots unavailable)
Stlth    +.........             x - amulet of regeneration
HPRegen  1.11/turn              v - +4 ring of protection
MPRegen  0.16/turn              F - +6 ring of strength

@: lethally poisoned (-4 -> -5)
A: large, unfitting armour, antennae 1, claws 3, repulsion field 1, slimy green
scales 1, yellow scales 1, cold resistance 2, deterioration 1, fast metabolism
3, frail 1, gourmand, sense surroundings 2, regeneration 1, shaggy fur 1, tough
skin 3
a: Renounce Religion


You were on level 1 of the Shoals.
You worshipped Xom.
You were a favourite toy of Xom.
You were completely stuffed.

You visited 6 branches of the dungeon, and saw 26 of its levels.
You also visited: Ice Cave.

You collected 2742 gold pieces.
You spent 468 gold pieces at shops.

Inventory:

Hand Weapons
 Z - the +11 dagger of the Land of Plenty {chaos, rElec rF+ rN+ Str-5, unknown}
   (Xom gifted it to you on level 13 of the Dungeon)

   Each time it hits an enemy it has a different, random effect.
   It affects your strength (-5).
   It protects you from fire.
   It insulates you from electricity.
   It protects you from negative energy.
Missiles
 d - 3 throwing nets
 k - 4 large rocks (quivered)
 S - 10 boomerangs of dispersal
 U - 5 javelins
Armour
 i - +2 acid dragon scales (worn)
 y - a scarf of resistance (worn)
 Q - a +0 robe of magic resistance
 V - the +0 mask of the Dragon (worn) {MR+ Slay+3 SInv}
   (You found it on level 14 of the Dungeon)

   It affects your accuracy and damage with ranged weapons and melee attacks
   (+3).
   It affects your resistance to hostile enchantments.
   It lets you see invisible.
Jewellery
 q - an uncursed ring of positive energy
 v - a +4 ring of protection (left claw)
 x - an amulet of regeneration (around neck)
 F - a +6 ring of strength (right claw)
 L - an uncursed amulet of the acrobat
Wands
 c - a wand of polymorph (15)
 l - a wand of acid (16)
 s - a wand of paralysis (10)
 E - a wand of iceblast (21)
 G - a wand of clouds (5)
 I - a wand of random effects (2)
 T - a wand of digging (2)
 X - a wand of flame (13)
Scrolls
 e - 12 scrolls of remove curse
 g - 3 scrolls of amnesia
 C - 9 scrolls of identify
 H - a scroll of enchant armour
 J - 10 scrolls of magic mapping
 O - 3 scrolls of enchant weapon
 P - 4 scrolls of teleportation
 R - 2 scrolls of fog
 Y - a scroll of blinking
Potions
 a - a potion of invisibility
 h - 4 potions of flight
 j - 4 potions of stabbing
 m - a potion of magic
 n - 4 potions of haste
 o - 10 potions of curing
 r - 7 potions of brilliance
 z - 2 potions of lignification
 D - a potion of mutation
Comestibles
 b - 3 chunks of flesh
 f - 52 rations


   Skills:
 + Level 8.9 Fighting
 - Level 8.5 Throwing
 + Level 11.2 Dodging
 - Level 0.3 Stealth
 - Level 18.4 Unarmed Combat
 - Level 7.4 Evocations


You had 9 spell levels left.
You knew the following spells:

 Your Spells              Type           Power        Failure   Level  Hunger
a - Confusing Touch       Hex            #.......     87%         3    ####...
b - Swiftness             Chrm/Air       #.......     65%         2    ###....

Your spell library contained the following spells:

 Spells                   Type           Power        Failure   Level  Hunger
 Animate Skeleton         Necr           N/A          52%         1    ##.....
 Apportation              Tloc           #.....       52%         1    ##.....
 Corona                   Hex            #......      52%         1    ##.....
 Freeze                   Ice            #...         52%         1    ##.....
 Magic Dart               Conj           #...         52%         1    ##.....
 Pain                     Necr           #...         52%         1    ##.....
 Shock                    Conj/Air       #...         52%         1    ##.....
 Sting                    Tmut/Pois      #...         52%         1    ##.....
 Summon Small Mammal      Summ           #...         52%         1    ##.....
 Blink                    Tloc           N/A          65%         2    ###....
 Call Imp                 Summ           #.......     65%         2    ###....
 Ensorcelled Hibernation  Hex/Ice        #.....       65%         2    ###....
 Poisonous Vapours        Pois/Air       #.....       65%         2    ###....
 Searing Ray              Conj           #.....       65%         2    ###....
 Slow                     Hex            #.......     65%         2    ###....
 Call Canine Familiar     Summ           #.......     87%         3    ####...
 Conjure Flame            Conj/Fire      #.......     87%         3    ####...
 Dazzling Flash           Conj/Hex       #.....       87%         3    ####...
 Frozen Ramparts          Ice            #.....       87%         3    ####...
 Ignite Poison            Fire/Tmut/Pois #.......     87%         3    ####...
 Mephitic Cloud           Conj/Pois/Air  #.......     87%         3    ####...
 Ozocubu's Armour         Chrm/Ice       #.......     87%         3    ####...
 Static Discharge         Conj/Air       #.......     87%         3    ####...
 Summon Guardian Golem    Hex/Summ       #.......     87%         3    ####...
 Tukima's Dance           Hex            #.......     87%         3    ####...
 Vampiric Draining        Necr           #.........   87%         3    ####...
 Airstrike                Air            #.........   99%         4    #####..
 Animate Dead             Necr           N/A          99%         4    #####..
 Fulminant Prism          Conj/Hex       #.........   99%         4    #####..
 Hailstorm                Conj/Ice       #.......     99%         4    #####..
 Iskenderun's Mystic Bla  Conj/Tloc      #.......     99%         4    #####..
 Olgreb's Toxic Radiance  Pois           #.......     99%         4    #####..
 Summon Ice Beast         Ice/Summ       #.......     99%         4    #####..
 Summon Lightning Spire   Summ/Air       #.......     99%         4    #####..
 Agony                    Necr           #.......     100%        5    ######.
 Lightning Bolt           Conj/Air       #.........   100%        5    ######.


Dungeon Overview and Level Annotations

Branches:
Dungeon (15/15)            Temple (1/1) D:4            Lair (6/6) D:11
 Shoals (1/4) Lair:4       Spider (1/4) Lair:4        Slime (0/5) Lair:6
    Orc (2/2) D:9             Elf (0/3) Orc:2        Vaults (0/5) D:13
 Depths (0/5) D:15          IceCv (visited)

Altars:
Ashenzari
Cheibriados
Dithmenos
Elyvilon
Fedhas
Gozag
Hepliaklqana
Kikubaaqudgha
Makhleb
Nemelex Xobeh
Okawaru
Qazlal
Ru
Sif Muna
Trog
Uskayaw
Vehumet
Wu Jian
Xom
Yredelemnul
Zin
The Shining One
Beogh

Shops:
D:7 *   Orc:2 [((?:

Portals:
Abyss: D:12

Annotations:
D:12 2 transporters, Garessta's ghost, journeyman OgFi
D:13 2 transporters, Liimbo's ghost, journeyman FoWn


Innate Abilities, Weirdness & Mutations

You are too large for most types of armour.
You have claws for hands.
Your metabolism is lightning-fast.
You like to eat raw meat.
Your natural rate of healing is unusually fast.
You are covered in fur. (AC +1)
You have extremely tough skin. (AC +3)
You have a pair of small antennae on your head.
You are surrounded by a mild repulsion field. (EV +2)
You are partially covered in slimy green scales. (AC +2)
You are partially covered in yellow scales. (AC +2)
Your flesh is very cold resistant. (rC++)
Your body sometimes deteriorates upon taking damage.
You are frail. (-10% HP)
You passively map the area around you.


Message History

You feel sick. The snapping turtle closely misses you.
You scratch the snapping turtle but do no damage.
The snapping turtle is lightly wounded.
You feel sick. The snapping turtle bites you!!
* * * LOW HITPOINT WARNING * * *
You scratch the snapping turtle.
The snapping turtle is lightly wounded.
You scratch the snapping turtle.
The snapping turtle is lightly wounded.
You feel sick. The snapping turtle barely misses you.
You scratch the snapping turtle but do no damage.
The snapping turtle is lightly wounded.
The snapping turtle bites you but does no damage.
You completely miss the snapping turtle.
The snapping turtle is lightly wounded.
You feel sick.
You mangle the snapping turtle!!
The snapping turtle is severely wounded.
The snapping turtle bites you!!
You die...

,, ,, * ,, ≈ , ≈ ≈,
#....≈≈..≈.≈≈. ≈ ≈ ≈
,.....≈....≈≈. ≈ ≈
≈≈≈≈≈≈≈ .......≈≈..≈ ≈ ≈
≈ ≈ ≈ ≈,, ...≈≈≈≈≈... ≈
≈≈≈ ≈≈≈≈≈≈. ..≈≈≈≈≈... ,
#.≈≈≈≈≈≈.# *#.≈≈.≈≈≈≈.,
##.≈≈≈≈≈≈.## #$)t≈≈....
,, ,
.....≈≈≈≈≈..####@≈≈.....
,,
....≈≈≈≈≈........≈≈..##.
** *
#.≈≈≈≈≈≈.......≈≈..###.
, *
###.≈≈≈≈≈≈≈.......≈$....
, ,
.#..≈≈≈≈≈≈...>...≈≈...[.
, *
.....≈≈≈≈....#.≈≈≈≈.....
#....≈≈≈≈......≈...≈....
**
#...≈≈≈≈............≈≈.
*
####.≈≈≈≈≈≈≈.........≈≈≈
≈


You could see a snapping turtle.

Vanquished Creatures
  Kirke (D:13)
  2 dire elephants
  Josephine (Lair:6)
  A merfolk impaler (Shoals:1)
  A yaktaur captain (D:14)
  6 hydras
  Harold (Lair:2)
  8 vault guards (D:13)
  5 centaur warriors
  Erica (D:9)
  2 catoblepae
  2 two-headed ogres
  9 death yaks
  A deep troll shaman (Lair:6)
  3 orc high priests (Orc:2)
  Urug (Lair:2)
  A sea snake (Shoals:1)
  8 skeletal warriors (D:14)
  A fire crab (D:14)
  2 unseen horrors
  4 orc knights (Orc:2)
  A lindwurm (Lair:6)
  Pikel (D:7)
  3 harpies
  9 ugly things
  3 wolf spiders
  5 manticores
  2 deep elf magi (D:14)
  A cyclops (D:12)
  7 orc sorcerers
  An oklob plant (Lair:5)
  A salamander (D:15)
  4 elephants (Lair:6)
  3 centaur zombies
  A merfolk siren (Lair:4)
  2 ice statues (IceCv)
  Psyche (D:8)
  A torpor snail (Lair:4)
  2 kobold demonologists (D:12)
  A rime drake (Lair:3)
  3 spiny frogs
  Maggie (D:7)
  A rime drake (shapeshifter) (D:15)
  A merfolk (Shoals:1)
  6 komodo dragons
  4 trolls
  A polar bear (shapeshifter) (D:14)
  A jumping spider (Lair:4)
  A polar bear (Lair:2)
  4 slime creatures (D:12)
  A harpy skeleton (D:14)
  4 dream sheep (Lair:4)
  17 hippogriffs
  57 yaks
  2 shadows
  4 redbacks (Lair:4)
  5 wraiths
  5 wyverns
  A hog (D:13)
  3 humans
  4 basilisks
  A golden eye (Lair:4)
  2 steam dragons
  3 vampire mosquitoes (D:12)
  A soldier ant (D:13)
  2 acid dragons (D:14)
  11 water moccasins
  16 porcupines
  2 eyes of draining
  A sky beast (D:7)
  26 orc warriors
  A hornet zombie (D:15)
  18 ice beasts
  3 black bears
  A slave (D:7)
  6 wolves
  5 phantoms
  A necrophage (D:10)
  10 ogres
  12 centaurs
  12 crocodiles
  3 big kobolds
  19 bullfrogs
  A gnoll sergeant (D:8)
  A wyvern skeleton (D:14)
  6 scorpions
  11 killer bees
  3 electric eels (D:7)
  2 howler monkeys
  2 bullfrog zombies
  4 crimson imps
  18 jellies
  A quasit (D:11)
  3 hounds
  14 orc priests
  2 bullfrog skeletons (D:12)
  22 orc wizards
  6 centaur skeletons
  10 worker ants
  4 iguanas
  3 hound skeletons
  Robin (D:2)
  A howler monkey skeleton (D:9)
  4 gnolls (D:8)
  16 adders
  A shadow imp (D:8)
  An ooze (D:1)
  An adder skeleton (D:7)
  An adder zombie (D:5)
  2 worms (D:2)
  2 dart slugs
  6 leopard geckos
  51 orcs
  A ball python (D:5)
  9 bats
  4 giant cockroaches
  12 goblins
  15 hobgoblins
  12 jackals
  16 kobolds
  3 quokkas
  A ball python zombie (D:5)
  4 frilled lizards
  A jackal skeleton (D:5)
  8 rats
  2 fungi (Lair:2)
  2 plants (Lair:6)
682 creatures vanquished.

Vanquished Creatures (collateral kills)
  A death yak (Lair:3)
  2 harpies (Shoals:1)
  A troll (D:13)
  A snapping turtle (Shoals:1)
  A yak (Lair:2)
6 creatures vanquished.

Vanquished Creatures (others)
  A two-headed ogre (D:14)
  An ugly thing (D:14)
  A manticore (D:15)
  Joseph (D:7)
  A hog (D:13)
  A human (D:13)
  2 slaves (D:7)
  A bullfrog (D:7)
  An electric eel (D:7)
  A crimson imp (D:13)
  An orc priest (Orc:2)
  4 orc wizards
  A worker ant (D:7)
  A hound skeleton (D:7)
  2 orcs (D:7)
  4 fungi (D:11)
  15 plants
39 creatures vanquished.

Grand Total: 727 creatures vanquished

Notes
Turn   | Place    | Note
-------+----------+-------------------------------------------
     0 | D:1      | DogServant the Troll Hunter began the quest for the Orb.
     0 | D:1      | Reached XP level 1. HP: 19/19 MP: 0/0
    45 | D:1      | Reached skill level 1 in Unarmed Combat
    48 | D:1      | Reached XP level 2. HP: 23/27 MP: 1/1
   334 | D:1      | Reached XP level 3. HP: 33/33 MP: 2/2
   426 | D:1      | Reached skill level 2 in Unarmed Combat
   871 | D:2      | Reached XP level 4. HP: 39/41 MP: 3/3
  1360 | D:2      | Reached skill level 3 in Unarmed Combat
  1463 | D:2      | Noticed Robin
  1467 | D:2      | Killed Robin
  1482 | D:2      | Reached XP level 5. HP: 43/48 MP: 4/4
  2234 | D:4      | Noticed an orc warrior
  2266 | D:4      | Noticed an ogre
  2273 | D:4      | Killed an ogre
  2273 | D:4      | Reached skill level 5 in Throwing
  2501 | D:4      | Reached skill level 4 in Unarmed Combat
  2501 | D:4      | Reached XP level 6. HP: 55/55 MP: 5/5
  2750 | D:4      | Found an ancient bone altar of Kikubaaqudgha.
  2751 | D:4      | Found a radiant altar of Vehumet.
  2752 | D:4      | Found an opulent altar of Gozag.
  2752 | D:4      | Found a white marble altar of Elyvilon.
  2752 | D:4      | Found a hide-covered altar of Uskayaw.
  2752 | D:4      | Found a hazy altar of Hepliaklqana.
  2752 | D:4      | Found a bloodstained altar of Trog.
  2754 | D:4      | Found a snail-covered altar of Cheibriados.
  2756 | D:4      | Found a sacrificial altar of Ru.
  2757 | D:4      | Found a sparkling altar of Nemelex Xobeh.
  2800 | D:4      | Killed an orc warrior
  2800 | D:4      | Reached skill level 5 in Unarmed Combat
  2800 | D:4      | Reached XP level 7. HP: 21/62 MP: 6/6
  2905 | D:4      | Found a staircase to the Ecumenical Temple.
  2917 | Temple   | Entered the Ecumenical Temple
  3127 | Temple   | Became a worshipper of Xom of Chaos
  3194 | D:4      | XOM: silly message
  3510 | D:4      | Found a blossoming altar of Fedhas.
  3612 | D:5      | Entered Level 5 of the Dungeon
  3621 | D:5      | Reached skill level 6 in Unarmed Combat
  3621 | D:5      | XOM: potion effect (brilliance)
  3699 | D:5      | XOM: silly message
  3700 | D:5      | XOM: potion effect (brilliance)
  3703 | D:5      | Reached XP level 8. HP: 50/70 MP: 7/7
  3713 | D:5      | XOM: divination: detect creatures
  3776 | D:5      | XOM: divination: detect items
  3779 | D:5      | Found a stormy altar of Qazlal.
  4145 | D:6      | XOM: noise
  4150 | D:6      | Reached skill level 7 in Unarmed Combat
  4152 | D:6      | XOM: potion effect (curing)
  4158 | D:6      | XOM: divination: detect items
  4169 | D:6      | XOM: silly message
  4207 | D:5      | XOM: silly message
  4348 | D:6      | XOM: 1-stop teleportation journey
  4427 | D:6      | XOM: enchant monster (good)
  4441 | D:6      | Reached skill level 8 in Unarmed Combat
  4587 | D:6      | Reached XP level 9. HP: 76/76 MP: 8/8
  4782 | D:7      | XOM: divination: magic mapping
  4783 | D:7      | Noticed Pikel
  4792 | D:7      | Killed Pikel
  4820 | D:7      | Noticed Maggie
  4848 | D:7      | Killed Maggie
  4850 | D:7      | Reached skill level 9 in Unarmed Combat
  5057 | D:7      | Noticed Joseph
  5066 | D:7      | Killed Joseph
  5066 | D:7      | XOM: divine lightning
  5083 | D:7      | XOM: 7-stop teleportation journey
  5108 | D:7      | XOM: polymorph orc wizard -> adder
  5124 | D:7      | XOM: god gift: wand of enslavement (5)
  5143 | D:7      | Reached XP level 10. HP: 54/93 MP: 9/9
  5237 | D:7      | Found Ceusk's General Store.
  5296 | D:7      | XOM: give mutation
  5296 | D:7      | Gained mutation: Your flesh is cold resistant. (rC+) [Xom's
                  | grace]
  5478 | D:7      | XOM: destruction
  5854 | D:8      | XOM: god gift: 44 gold pieces
  5911 | D:8      | Found a white marble altar of Elyvilon.
  5927 | D:8      | Noticed Maurice
  5930 | D:8      | Noticed Maurice
  5930 | D:8      | Maurice changed into Maurice the steam dragon
  5930 | D:8      | XOM: polymorph Maurice -> Maurice the steam dragon
  5932 | D:8      | Killed Maurice the steam dragon
  5943 | D:8      | XOM: polymorph orc -> rat
  6130 | D:8      | Reached skill level 10 in Unarmed Combat
  6160 | D:8      | Noticed Psyche
  6163 | D:8      | XOM: scenery: create altars
  6169 | D:8      | Killed Psyche
  6169 | D:8      | Reached skill level 5 in Fighting
  6169 | D:8      | Reached skill level 5 in Dodging
  6250 | D:8      | XOM: give mutations
  6250 | D:8      | Gained mutation: You have a pair of small antennae on your
                  | head. [Xom's grace]
  6250 | D:8      | Gained mutation: You passively map a small area around you.
                  | [Xom's grace]
  6376 | D:8      | Identified the +9 dagger "Rajos" {vamp, Stlth+}
  6752 | D:8      | XOM: god gift: 45 gold pieces
  6770 | D:7      | Bought a +4 ring of evasion for 468 gold pieces
  7030 | D:9      | XOM: scenery: create altars
  7067 | D:9      | XOM: destruction
  7075 | D:9      | XOM: fog
  7076 | D:9      | Reached skill level 11 in Unarmed Combat
  7156 | D:9      | XOM: scenery: create altars
  7169 | D:9      | Noticed Erica
  7177 | D:9      | Killed Erica
  7219 | D:9      | XOM: cloud trail
  7234 | D:9      | XOM: 2-stop teleportation journey
  7334 | D:9      | XOM: 7-stop teleportation journey
  7387 | D:9      | XOM: summons friendly shadow imp
  7395 | D:9      | XOM: god gift: staff of wizardry {god gift}
  7403 | D:9      | Reached skill level 12 in Unarmed Combat
  7414 | D:9      | Reached XP level 11. HP: 85/102 MP: 10/10
  7443 | D:9      | Found a staircase to the Orcish Mines.
  7555 | D:9      | XOM: god gift: scale mail {god gift}
  7683 | D:10     | Entered Level 10 of the Dungeon
  7758 | D:10     | Noticed a two-headed ogre
  7770 | D:10     | Killed a two-headed ogre
  7926 | D:10     | XOM: god gift: 19 stones
  8012 | D:10     | Reached skill level 13 in Unarmed Combat
  8187 | D:10     | You fall into a shaft and drop 2 floors!
  8270 | D:12     | XOM: summons 3 hostile shadow creatures
  8386 | D:12     | XOM: torment (52/102 hp)
  8421 | D:12     | XOM: 4-stop teleportation journey
  8518 | D:12     | Noticed a sun demon
  8521 | D:12     | Noticed a green ugly thing
  8522 | D:12     | XOM: 1-stop teleportation journey
  8530 | D:12     | Reached skill level 14 in Unarmed Combat
  8657 | D:12     | Found a one-way gate to the infinite horrors of the Abyss.
  8657 | D:12     | Noticed Garessta's ghost (journeyman OgFi)
  8657 | D:12     | Noticed a cyan very ugly thing
  8657 | D:12     | Identified the cursed +1 broad axe "Riqiam" {distort,
                  | *Noise rC+ rN+}
  8657 | D:12     | Noticed a skeletal warrior
  8659 | D:12     | Noticed a rakshasa
  8671 | D:12     | Found a transporter.
  8808 | D:12     | XOM: summons 4 hostile shadow creatures
  8911 | D:12     | XOM: god gift: wand of acid (3)
  9020 | D:12     | XOM: enchant monster (bad)
  9021 | D:12     | XOM: silly message
  9025 | D:12     | XOM: swap monsters
  9027 | D:12     | Killed a green ugly thing
  9045 | D:12     | XOM: cloud trail
  9131 | D:12     | Noticed a red ugly thing
  9137 | D:12     | Found a transporter.
  9211 | D:12     | XOM: confusion (+ monsters)
  9250 | D:12     | XOM: silly message
  9296 | D:12     | XOM: confusion (+ monsters)
  9455 | D:11     | XOM: give mutations
  9455 | D:11     | Lost mutation: Your flesh is cold resistant. (rC+) [Xom's
                  | mischief]
  9455 | D:11     | Gained mutation: You are dopey. (Int -2) [Xom's mischief]
  9455 | D:11     | Gained mutation: You are partially covered in slimy green
                  | scales. (AC +2) [Xom's mischief]
  9455 | D:11     | Gained mutation: Your body sometimes deteriorates upon
                  | taking damage. [Xom's mischief]
  9459 | D:11     | Lost mutation: You are dopey. (Int -2) [potion of mutation]
  9459 | D:11     | Gained mutation: Your flesh is cold resistant. (rC+)
                  | [potion of mutation]
  9459 | D:11     | Gained mutation: You are surrounded by a mild repulsion
                  | field. (EV +2) [potion of mutation]
  9459 | D:11     | Gained mutation: You are partially covered in yellow
                  | scales. (AC +2) [potion of mutation]
  9498 | D:11     | Reached skill level 15 in Unarmed Combat
  9504 | D:11     | Noticed a brown ugly thing
  9506 | D:11     | Reached XP level 12. HP: 111/111 MP: 11/11
  9643 | D:11     | Found a staircase to the Lair.
  9758 | D:11     | XOM: potion effect (invisibility)
  9828 | D:11     | XOM: potion effect (might)
 10024 | D:11     | Found an iron altar of Okawaru.
 10101 | Lair:1   | Entered Level 1 of the Lair of Beasts
 10621 | Lair:2   | Reached skill level 16 in Unarmed Combat
 10707 | Lair:2   | XOM: god gift: scroll of amnesia
 10796 | Lair:2   | XOM: enchant monster (good)
 10894 | Lair:2   | Noticed Harold
 10895 | Lair:2   | Noticed an eight-headed hydra
 10896 | Lair:2   | XOM: enchant monster (good)
 10897 | Lair:2   | Noticed Urug
 10898 | Lair:2   | Noticed a four-headed hydra
 10905 | Lair:2   | XOM: enchant monster (good)
 10906 | Lair:2   | Killed a four-headed hydra
 10920 | Lair:2   | XOM: 8-stop teleportation journey
 10968 | Lair:2   | XOM: noise
 11006 | Lair:2   | XOM: swap monsters
 11013 | Lair:2   | Killed Harold
 11016 | Lair:2   | XOM: summons friendly crimson imp
 11041 | Lair:2   | Killed a 13-headed hydra
 11041 | Lair:2   | Reached skill level 17 in Unarmed Combat
 11061 | Lair:2   | Killed Urug
 11380 | Lair:2   | XOM: cloud trail
 11569 | Lair:2   | XOM: god gift: scorched dire flail {god gift}
 11570 | Lair:2   | Got a scorched dire flail {god gift}
 11571 | Lair:2   | Identified the +4 dire flail "Feuf" {vorpal, Str+4 Int+2
                  | Dex-2} (Xom gifted it to you on level 2 of the Lair of
                  | Beasts)
 11846 | Lair:3   | Found a frozen archway.
 11848 | Lair:3   | XOM: summons friendly crimson imp
 11878 | IceCv    | Entered an ice cave
 11884 | IceCv    | XOM: blink monster(s)
 11888 | IceCv    | XOM: summons friendly white imp
 11898 | IceCv    | Found a transporter.
 11935 | IceCv    | Found a transporter.
 11943 | IceCv    | Reached XP level 13. HP: 98/120 MP: 12/12
 11943 | IceCv    | XOM: potion effect (heal wounds)
 12005 | IceCv    | XOM: silly message
 12429 | Lair:3   | XOM: silly message
 12441 | Lair:3   | XOM: polymorph seven-headed hydra -> catoblepas
 12584 | Lair:3   | XOM: summons 5 friendly demons
 12585 | Lair:3   | XOM: summons 6 friendly demons
 12589 | Lair:3   | XOM: confuse monster(s)
 12897 | Lair:3   | XOM: divination: magic mapping
 13119 | Lair:4   | Found a staircase to the Shoals.
 13167 | Lair:4   | XOM: potion effect (stabbing)
 13505 | Lair:4   | XOM: noise
 13727 | Lair:4   | Found a hole to the Spider Nest.
 13867 | Lair:4   | XOM: god gift: scroll of enchant weapon
 14232 | Lair:5   | XOM: destruction
 14237 | Lair:5   | Reached skill level 1 in Evocations
 14257 | Lair:5   | XOM: noise
 14474 | Lair:5   | Learned a level 3 spell: Confusing Touch
 14477 | Lair:5   | Learned a level 2 spell: Swiftness
 14941 | Lair:6   | Entered Level 6 of the Lair of Beasts
 15031 | Lair:6   | XOM: enchant monster (bad)
 15185 | Lair:5   | XOM: confusion (+ monsters)
 15216 | Lair:6   | XOM: cleaving
 15218 | Lair:6   | XOM: enchant monster (bad)
 15271 | Lair:6   | Found a staircase to the Slime Pits.
 15678 | Lair:6   | XOM: torment (65/127 hp)
 15751 | Lair:6   | XOM: enchant monster (good)
 15760 | Lair:6   | XOM: noise
 15770 | Lair:6   | Reached XP level 14. HP: 50/136 MP: 16/16
 15777 | Lair:6   | Reached skill level 5 in Evocations
 15829 | Lair:6   | XOM: silly message
 15995 | Lair:6   | Noticed Josephine
 15996 | Lair:6   | XOM: scenery: create altars
 16011 | Lair:6   | Killed Josephine
 16027 | Lair:6   | Identified a scroll of acquirement
 16027 | Lair:6   | Acquired 360 gold pieces
 16251 | D:11     | XOM: stat loss: -1 Int (6/7)
 16341 | D:13     | XOM: enchant monster (bad)
 16360 | D:13     | Noticed Kirke
 16363 | D:13     | XOM: enchant monster (good)
 16374 | D:13     | Killed Kirke
 16428 | D:13     | XOM: summons friendly iron imp
 16429 | D:13     | XOM: potion effect (invisibility)
 16595 | D:13     | Found a transporter.
 16604 | D:13     | Noticed Liimbo's ghost (journeyman FoWn)
 16886 | D:13     | XOM: give mutations
 16886 | D:13     | Gained mutation: You have an increased reservoir of magic.
                  | (+10% MP) [Xom's grace]
 16886 | D:13     | Gained mutation: You passively map the area around you.
                  | [Xom's grace]
 16987 | D:13     | Found a gate to the Vaults.
 16991 | D:13     | XOM: summons friendly quasit
 16994 | D:13     | XOM: summons 2 friendly demons
 16998 | D:13     | XOM: fog
 17245 | D:13     | Found a transporter.
 17591 | D:14     | XOM: 1-stop teleportation journey
 17622 | D:14     | Reached skill level 18 in Unarmed Combat
 17849 | D:14     | Found a shattered altar of Ashenzari.
 17924 | D:14     | XOM: divination: detect creatures
 17955 | D:14     | Reached XP level 15. HP: 86/143 MP: 21/21
 18093 | D:14     | XOM: enchant monster (good)
 18095 | D:14     | XOM: summons 4 hostile shadow creatures
 18100 | D:14     | XOM: divine lightning
 18149 | D:14     | Found the +0 mask of the Dragon {MR+ Slay+3 SInv}
 18165 | D:14     | XOM: cloud trail
 18172 | D:14     | XOM: 6-stop teleportation journey
 18455 | D:15     | Entered Level 15 of the Dungeon
 18632 | D:15     | XOM: confusion
 18812 | D:15     | XOM: give mutations
 18812 | D:15     | Gained mutation: You are frail. (-10% HP) [Xom's mischief]
 18812 | D:15     | Lost mutation: You have an increased reservoir of magic.
                  | (+10% MP) [Xom's mischief]
 18812 | D:15     | Lost mutation: Your body sometimes deteriorates upon taking
                  | damage. [Xom's mischief]
 18840 | D:15     | Reached skill level 10 in Dodging
 18995 | D:15     | XOM: enchant monster (bad)
 18997 | D:15     | XOM: divine lightning
 19031 | D:15     | XOM: cleaving
 19039 | D:15     | XOM: swap monsters
 19092 | D:15     | Found a staircase to the Depths.
 19135 | D:15     | XOM: stat loss: -1 Int (6/7)
 19165 | D:15     | XOM: give mutation
 19165 | D:15     | Gained mutation: Your body sometimes deteriorates upon
                  | taking damage. [Xom's mischief]
 19251 | D:15     | XOM: god gift: weird glowing staff {god gift}
 19287 | D:13     | XOM: god gift: bloodstained dagger {god gift}
 19288 | D:13     | Got a bloodstained dagger {god gift}
 19404 | Orc:1    | Entered Level 1 of the Orcish Mines
 19410 | Orc:1    | XOM: scenery: create altars
 19543 | Orc:1    | XOM: cloud trail
 19555 | Orc:2    | Entered Level 2 of the Orcish Mines
 19672 | Orc:2    | Found Nextoq's Armour Boutique.
 19760 | Orc:2    | Found a roughly hewn altar of Beogh.
 19953 | Orc:2    | Found a staircase to the Elven Halls.
 20152 | Orc:2    | Found Vaevvew's Book Emporium.
 20187 | Orc:2    | XOM: destruction
 20294 | Orc:2    | Found Veaskouz's Antique Weapon Shop.
 20300 | Orc:2    | Found Fyschef's Antique Weapon Shop.
 20323 | Orc:2    | Found Gaplaereuf's Magic Scroll Emporium.
 20744 | Orc:1    | XOM: cleaving
 20996 | Orc:1    | XOM: give mutation
 20996 | Orc:1    | Gained mutation: Your flesh is very cold resistant. (rC++)
                  | [Xom's grace]
 21004 | Orc:1    | XOM: 1-stop teleportation journey
 21040 | Orc:2    | XOM: god gift: twisted runed staff {god gift}
 21355 | Lair:4   | XOM: cloud trail
 21384 | Spider:1 | XOM: noise
 21384 | Spider:1 | Entered Level 1 of the Spider Nest
 21522 | Lair:4   | XOM: cloud trail
 21547 | Shoals:1 | XOM: noise
 21547 | Shoals:1 | Entered Level 1 of the Shoals
 21551 | Shoals:1 | XOM: summons 15 friendly demons
 21721 | Shoals:1 | HP: 6/130 [snapping turtle (13)]
 21721 | Shoals:1 | Xom revived you
 21729 | Shoals:1 | Slain by a snapping turtle

Illustrated notes

Levels and vault maps discovered:
D:1:      roderic_chinese_lattice_arrival, layout_loops_ring, bh_walls_and_bars
D:2:      layout_basic, minmay_between, uniq_robin
D:3:      layout_basic
D:4:      layout_loops_ring, marbit_many_paths, minitemple,
          minmay_temple_entry_mini_moons, first_ration, guppyfry_early_orc_mine
D:5:      layout_rooms, overflow_temple_1_default
D:6:      layout_basic
D:7:      layout_basic, serial_shops, kennysheep_mini_moat, serial_bayou,
          serial_bayou_pond_a, serial_bayou_lake_a, serial_bayou_shore_a,
          serial_bayou_pond_b, uniq_maggie, uniq_pikel, uniq_joseph
D:8:      layout_basic, basic_altar, grunt_ogre_cave, uniq_psyche, uniq_maurice
D:9:      layout_basic, orc_0_dummy, uniq_erica
D:10:     layout_roguey
D:11:     layout_basic, minmay_lair_entry_grove,
          hangedman_abyss_or_decor_passed, okawaru_humans
D:12:     layout_irregular_city, serial_column_ruins, column_ruins_open_small,
          column_ruins_open_tiny, column_ruins_grid_1, column_ruins_open_medium,
          column_ruins_columns_straight, column_ruins_grid_4,
          column_ruins_open_large, gammafunk_ghost_abyssal_escape
D:13:     layout_long_grid, erik_vaults_2, gammafunk_ghost_berserking_beasts,
          uniq_kirke
D:14:     layout_roguey, basic_altar, corexii_corridor_pit, minivault_28
D:15:     hangedman_depths_entry_try_elsewhere_first, layout_cave_pods,
          chequers_serial_rivers_small_3, tgw_lugonu_bribe
Temple:   jpeg_temple_alley_garden
Lair:1:   layout_gridlike, st_stairs_8
Lair:2:   layout_long_grid, uniq_urug, uniq_harold
Lair:3:   layout_cave_pods, portal_ice_cave_entry_ice_beasts
Lair:4:   layout_regular_city, minmay_shoals_entry_lonely_mermaid,
          spider_nest_entry_web_field
Lair:5:   layout_hall_layers, chequers_serial_rivers_micro_c
Lair:6:   grunt_lair_end_beastmaster, layout_gridlike,
          minmay_slime_entry_jelly_boxes, lemuel_fruit_fields, uniq_josephine
Shoals:1: layout_shoals, serial_shops, shop,
          nicolae_shoals_stone_sculpture_thing, nicolae_shoals_this_corrosion
Spider:1: layout_spider_delve, spiders_nest_spider_trap
Orc:1:    layout_caves
Orc:2:    st_orc_elflike, layout_diamond_mine, basic_altar, serial_shops, shop

Skill      XL: |  1  2  3  4  5  6  7  8  9 10 11 12 13 14 15 |
---------------+----------------------------------------------+-----
Unarmed Combat | 1 2 3 4 5 6 8 9 12 15 17 18 | 18.4
Throwing       | 4 5 6 7 8 |  8.5
Fighting       | 4 5 8 |  8.9
Dodging        | 4 5 8 9 11 | 11.2
Evocations     | 4 7 |  7.4
Stealth        | |  0.3

Action                   |  1- 3 |  4- 6 |  7- 9 | 10-12 | 13-15 || total
-------------------------+-------+-------+-------+-------+-------++-------
Melee: Unarmed           |   124 |   148 |   279 |   648 |   892 ||  2091
       Punch             |       |     4 |     7 |    36 |   120 ||   167
Throw: Large rock        |       |     2 |    10 |    20 |    13 ||    45
       Throwing net      |       |       |     1 |     4 |     1 ||     6
 Cast: Confusing Touch   |       |       |       |       |     1 ||     1
Evoke: Wand              |       |       |     2 |    17 |    35 ||    54
  Use: Scroll            |       |    10 |     8 |    12 |     6 ||    36
       Potion            |       |       |     7 |     2 |     9 ||    18
 Stab: Sleeping          |       |     3 |     3 |     1 |       ||     7
       Held in net/web   |       |       |     1 |     1 |       ||     2
       Confused          |       |       |       |     3 |     3 ||     6
       Invisible         |       |       |       |     6 |     3 ||     9
       Petrified         |       |       |       |       |     3 ||     3
       Betrayed ally     |       |       |       |       |     1 ||     1
  Eat: Chunk             |    13 |    16 |    24 |    56 |    95 ||   204
Armor: Robe              |    44 |    68 |   207 |       |       ||   319
       Acid dragon scale |       |       |    19 |   290 |   368 ||   677
       Skin              |       |       |       |       |    96 ||    96
Dodge: Dodged            |    65 |    78 |   254 |   312 |   657 ||  1366
